 Dungeon Crawl Stone Soup version 0.29.1-15-g9cfb28693d (webtiles) character file.

Game seed: 13686187204782666104

17019 Peloso the Protected (level 12, -11/108 HPs)
             Began as a Minotaur Fighter on Apr 18, 2023.
             Was a Priest of Okawaru.
             Mangled by a cane toad (18 damage)
             ... on level 2 of the Lair of Beasts.
             The game lasted 00:26:25 (19733 turns).

Peloso the Protected (Minotaur Fighter)            Turns: 19733, Time: 00:26:26

Health: -11/108    AC: 18    Str: 30    XL:     12   Next: 15%
Magic:  9/11       EV: 13    Int:  5    God:    Okawaru [***...]
Gold:   922        SH:  7    Dex: 12    Spells: 11/11 levels left

rFire   . . .      SeeInvis .   a - +2 long sword (vorpal)
rCold   + . .      Faith    .   d - +0 buckler
rNeg    . . .      Spirit   .   l - +0 chain mail
rPois   .          Reflect  .   (helmet restricted)
rElec   .          Harm     .   (no cloak)
rCorr   .          Rampage  .   (no gloves)
Will    .....                   J - +2 pair of boots
Stlth   ..........              (no amulet)
HPRegen 0.28/turn               i - ring of protection from cold
MPRegen 0.12/turn               B - +6 ring of strength

@: lethally poisoned (-11 -> -23), heroic
A: horns 2, retaliatory headbutt
a: Renounce Religion, Heroism


You were on level 2 of the Lair of Beasts.
You worshipped Okawaru.
Okawaru was most pleased with you.
You visited 3 branches of the dungeon, and saw 15 of its levels.
You also visited: Ossuary.

You collected 922 gold pieces.

Inventory:

Hand Weapons
 a - a +2 vorpal long sword (weapon)
 c - a +0 long sword
Missiles
 H - 2 throwing nets (quivered)
Armour
 b - a +0 scale mail
 d - a +0 buckler (worn)
 l - a +0 chain mail (worn)
 J - a +2 pair of boots (worn)
Jewellery
 i - a ring of protection from cold (left hand)
 z - an amulet of faith
 A - a ring of willpower
 B - a +6 ring of strength (right hand)
 N - a ring of flight
Wands
 C - a wand of polymorph (5)
 D - a wand of charming (9)
 E - a wand of mindburst (14)
 F - a wand of digging (5)
 I - a wand of iceblast (3)
 O - a wand of flame (3)
Scrolls
 f - 2 scrolls of silence
 g - 4 scrolls of enchant weapon
 j - 2 scrolls of teleportation
 k - 3 scrolls of fear
 m - 6 scrolls of blinking
 q - 2 scrolls of immolation
 w - a scroll of amnesia
 y - 5 scrolls of identify
 G - 2 scrolls of butterflies {unknown}
 K - a scroll of torment {unknown}
 L - a scroll of enchant armour {unknown}
 P - a scroll of magic mapping
 Q - a scroll of noise {unknown}
Potions
 e - 3 potions of ambrosia {unknown}
 h - 4 potions of brilliance
 n - 3 potions of might
 o - 3 potions of resistance
 p - a potion of lignification {unknown}
 r - 2 potions of invisibility {unknown}
 s - 2 potions of flight
 t - 3 potions of curing
 u - a potion of cancellation
 v - 2 potions of mutation
 x - a potion of berserk rage
 M - a potion of haste {unknown}


   Skills:
 + Level 10.6(15.6) Fighting
 + Level 14.0(19.0) Long Blades
 + Level 14.3(19.3) Armour
 + Level 4.5(9.5) Dodging
 + Level 1.4(6.4) Stealth
 + Level 8.4(13.4) Shields


You had 11 spell levels left.
You didn't know any spells.
Your spell library contained the following spells:

 Spells                   Type           Power      Damage    Failure   Level
 Dazzling Flash           Conj/Hex       0%         N/A       99%         3
 Portal Projectile        Hex/Tloc       0%         N/A       99%         3
 Corpse Rot               Necr/Pois/Air  0%         N/A       100%        4
 Dispel Undead            Necr           0%         3d6       100%        4
 Agony                    Necr           0%         N/A       100%        5
 Blade Hands              Tmut           0%         N/A       100%        5
 Freezing Cloud           Conj/Ice/Air   0%         6-21      100%        5
 Silence                  Hex/Air        0%         N/A       100%        5
 Eringya's Noxious Bog    Tmut/Pois      0%         N/A       100%        6
 Polar Vortex             Ice            0%         N/A       100%        9
 Tukima's Dance           Hex            Unusable   N/A       N/A         3
 Summon Forest            Summ/Tloc      Unusable   N/A       N/A         5
 Death Channel            Necr           Unusable   N/A       N/A         6
 Simulacrum               Ice/Necr       Unusable   N/A       N/A         6
 Summon Hydra             Summ           Unusable   N/A       N/A         7

Dungeon Overview and Level Annotations

Branches:
Dungeon (12/15)            Temple (1/1) D:4            Lair (2/5) D:10
Ossuary (visited)
  Swamp: Lair:2-3    Shoals: Lair:2-3     Snake: Lair:2-3    Spider: Lair:2-3
    Orc: D:9-12

Altars:
Ashenzari
Cheibriados
Dithmenos
Elyvilon
Fedhas
Gozag
Hepliaklqana
Kikubaaqudgha
Makhleb
Nemelex Xobeh
Okawaru
Qazlal
Ru
Sif Muna
Trog
Uskayaw
Vehumet
Wu Jian
Xom
Yredelemnul
Zin
The Shining One

Shops:
D:1 (   D:3 (

Annotations:
D:6 exclusion: oklob plant
D:9 2 transporters


Innate Abilities, Weirdness & Mutations

You have a pair of horns on your head.
You reflexively headbutt those who attack you in melee.


Message History

The yak is moderately wounded.
The yak barely misses you. You block the yak's attack.
The yak gores you but does no damage.
You slash the yak!
The yak is heavily wounded.
The cane toad stings you but does no damage.
You slash the yak! You headbutt the yak.
The yak is almost dead.
The cane toad stings you but does no damage.
The yak barely misses you. You furiously retaliate!
You headbutt the yak! You block the yak's attack. The yak misses you.
Unknown command.
You barely miss the yak. Your headbutt misses the yak.
The yak is almost dead.
The cane toad stings you but does no damage.
The yak gores you. The yak gores you but does no damage.
The yak closely misses you.
Unknown command.
You gain the combat prowess of a mighty hero.
The cane toad stings you!
* * * LOW HITPOINT WARNING * * *
The yak gores you.
* * * LOW HITPOINT WARNING * * *
The yak gores you.
* * * LOW HITPOINT WARNING * * *
You block the yak's attack.
You slash the yak!
You kill the yak!
Okawaru accepts your kill. The cane toad stings you!
* * * LOW HITPOINT WARNING * * *
You are lethally poisoned!
The cane toad poisons you!
You slash the cane toad! You headbutt the cane toad.
The cane toad is heavily wounded.
* * * LOW HITPOINT WARNING * * *
You feel very sick. The yak gores you but does no damage.
The yak barely misses you. The cane toad stings you!!
You die...

#.....#...#..P.#..
P.##...............
...........#.#..#..
...........#.....# ##
.....[..........)#..#
..####..............
. ###...#.......
#....#FY##..##
#....†@Y.....#
#....####......
#....# ..... #.....
.... ##..... ...
...... .. ....... .


You could see 2 yaks and a cane toad.

Vanquished Creatures
  Harold (D:10)
  Joseph (D:8)
  A black mamba (D:10)
  3 gargoyles (D:11)
  A komodo dragon (Lair:2)
  A cane toad (Lair:2)
  A rime drake (Lair:2)
  9 blink frogs (Lair:2)
  A hornet (D:9)
  5 wraiths
  A shadow (D:10)
  A vampire (D:10)
  26 yaks
  2 wyverns
  2 basilisks
  Grum (D:8)
  3 steam dragons (D:10)
  Menkaure (D:5)
  An acid dragon (D:7)
  A water moccasin (D:6)
  2 ice beasts (D:6)
  3 orc warriors
  A sky beast (D:7)
  A black bear (D:6)
  14 wolves
  4 centaurs
  4 phantoms
  2 kobold brigands
  4 bullfrogs
  8 elf zombies (Ossuary)
  A gnoll sergeant (D:2)
  3 scorpions
  4 wights
  23 killer bees
  A howler monkey (D:5)
  3 centaur zombies (Ossuary)
  2 hounds (D:6)
  A human zombie (Ossuary)
  3 jellies
  6 orc priests
  5 gnoll boudas
  Terence (D:3)
  2 iguanas
  9 orc wizards
  4 mummies
  25 gnolls
  5 adders
  A shadow imp (D:8)
  2 white imps
  3 ufetubi (D:6)
  A worm (D:4)
  3 dart slugs
  20 orcs
  7 ball pythons
  4 bats
  10 endoplasms
  9 giant cockroaches
  12 goblins
  10 hobgoblins
  4 jackals (D:1)
  4 quokkas
  8 frilled lizards
  15 kobolds
  5 rats
322 creatures vanquished.

Vanquished Creatures (others)
  6 fungi (Lair:2)
  13 plants
19 creatures vanquished.

Grand Total: 341 creatures vanquished

Notes
Turn   | Place    | Note
-------+----------+-------------------------------------------
     0 | D:1      | Peloso the Minotaur Fighter began the quest for the Orb.
     0 | D:1      | Reached XP level 1. HP: 19/19 MP: 0/0
   243 | D:1      | Reached XP level 2. HP: 27/27 MP: 1/1
   540 | D:1      | Reached XP level 3. HP: 32/33 MP: 2/2
   614 | D:1      | Found Kecs's Weapon Emporium.
  1464 | D:2      | Reached XP level 4. HP: 37/40 MP: 3/3
  1500 | D:2      | Found a broken altar of Ashenzari.
  1615 | D:2      | Reached skill level 1 in Dodging
  1857 | D:2      | Found a faded altar of an unknown god.
  2339 | D:3      | Noticed Terence
  2345 | D:3      | Killed Terence
  2572 | D:3      | Found Gieproh's Antique Weapon Emporium.
  2697 | D:3      | Reached XP level 5. HP: 46/46 MP: 4/4
  2871 | D:3      | Found a white marble altar of Elyvilon.
  2871 | D:3      | Found a glowing golden altar of the Shining One.
  3158 | D:2      | HP: 2/47 [gnoll sergeant/+0 spear (10)]
  3161 | D:2      | Reached skill level 5 in Long Blades
  3161 | D:2      | Reached skill level 5 in Armour
  3161 | D:2      | Reached XP level 6. HP: 1/53 MP: 5/5
  3911 | D:4      | Found a staircase to the Ecumenical Temple.
  4055 | Temple   | Entered the Ecumenical Temple
  4783 | D:5      | Entered Level 5 of the Dungeon
  4848 | D:5      | Found a sand-covered staircase.
  4855 | D:5      | Reached skill level 5 in Fighting
  4858 | Ossuary  | Entered an ossuary
  4968 | Ossuary  | Reached XP level 7. HP: 37/61 MP: 6/6
  5184 | Ossuary  | Reached skill level 5 in Shields
  5348 | Ossuary  | Reached XP level 8. HP: 59/69 MP: 7/7
  5684 | D:5      | Noticed Menkaure
  5702 | D:5      | Killed Menkaure
  7008 | D:6      | Reached skill level 10 in Long Blades
  7014 | D:6      | Reached XP level 9. HP: 44/78 MP: 8/8
  7951 | D:6      | Found a blossoming altar of Fedhas.
  7962 | D:6      | Noticed an oklob plant
 10209 | D:8      | Reached skill level 10 in Armour
 10217 | D:8      | Reached XP level 10. HP: 7/86 MP: 9/9
 10847 | D:8      | Noticed Grum
 10871 | D:8      | Killed Grum
 10876 | D:8      | Noticed Joseph
 11237 | D:8      | Killed Joseph
 12551 | D:9      | Noticed a white ugly thing
 12723 | D:9      | Found a broken altar of Ashenzari.
 13041 | D:9      | Noticed a cyan ugly thing
 13041 | D:9      | Noticed a green ugly thing
 13059 | D:9      | Found a transporter.
 13350 | D:9      | Found a transporter.
 13350 | D:9      | Noticed a cyclops
 13352 | D:9      | Noticed a cyclops
 13630 | D:10     | Entered Level 10 of the Dungeon
 13632 | D:10     | Found an iron altar of Okawaru.
 13719 | D:10     | Reached XP level 11. HP: 22/99 MP: 10/10
 14742 | D:10     | Found a staircase to the Lair.
 14773 | D:10     | Noticed Harold
 14785 | D:10     | Killed Harold
 15382 | D:10     | Found a hide-covered altar of Uskayaw.
 15687 | D:10     | Became a worshipper of Warmaster Okawaru
 16267 | D:11     | Reached * piety under Okawaru
 16495 | D:11     | Reached skill level 10 in Fighting
 17200 | D:12     | Noticed a four-headed hydra
 17200 | D:12     | Noticed a deep elf pyromancer
 17265 | Lair:1   | Entered Level 1 of the Lair of Beasts
 17410 | D:10     | Reached skill level 1 in Stealth
 17886 | D:10     | Reached ** piety under Okawaru
 18379 | Lair:1   | Found an ornate altar of the Wu Jian Council.
 18379 | Lair:1   | Noticed a boulder beetle
 18419 | Lair:1   | Found a hide-covered altar of Uskayaw.
 19321 | Lair:2   | Reached *** piety under Okawaru
 19322 | Lair:2   | Reached XP level 12. HP: 83/106 MP: 11/11
 19733 | Lair:2   | Mangled by a cane toad

Illustrated notes

Levels and vault maps discovered:
D:1:      spicycebolla_arrival_xxxplode, layout_basic, serial_shops,
          nicolae_shop_crystal, minmay_cupped
D:2:      layout_basic, shapermc_ecumenical_altar_ellora, basic_altar,
          kennysheep_generic_room_2
D:3:      layout_basic, gammafunk_temple_overflow_wave, serial_shops,
          nicolae_shop_advertising_works [nicolae_subvault_shop_adworks],
          nicolae_kite_square_tiling_tiny, kennysheep_generic_room_15,
          uniq_terence
D:4:      layout_loops_cross, minmay_temple_entry_glassed_door,
          minmay_hedge_maze, minmay_fountain_box
D:5:      layout_loops_ring, gup_ossuary_entry_pyramid, uniq_menkaure
D:6:      layout_cave_pods, tgw_fedhas, hangedman_abyss_or_decor_stabs,
          minmay_misc_feat_square
D:7:      layout_cave_pools
D:8:      layout_basic, uniq_grum, uniq_joseph
D:9:      gammafunk_the_bubble [the_bubble_gammafunk_plus_minus], layout_basic,
          evilmike_ruin_ashenzari
D:10:     cheibrodos_steamvent, layout_layer_cave, okawaru_metal_pillars_1_2,
          nicolae_uskayaw_dance_studio, uniq_harold
D:11:     layout_long_grid
D:12:     layout_roguey, hiddenorc1_lemuel
Temple:   nicolae_temple_x_marks_the_god
Lair:1:   wad_woods_minihive, layout_long_grid, st_stairs_12,
          nzn_masters_of_martial_movement
Lair:2:   layout_chaotic_city

Skill      XL: |  1  2  3  4  5  6  7  8  9 10 11 12 |
---------------+-------------------------------------+-----
Shields        | 4 5 6 7 8 |  8.4
Fighting       | 4 5 6 7 9 10 | 10.6
Armour         | 4 5 6 7 10 11 13 14 | 14.3
Long Blades    | 3 4 5 6 7 10 11 12 14 | 14.0
Dodging        | 1 2 3 4 |  4.5
Stealth        | 1 |  1.4

Action                   |  1- 3 |  4- 6 |  7- 9 | 10-12 || total
-------------------------+-------+-------+-------+-------++-------
Melee: Long sword        |    94 |   213 |   415 |   597 ||  1319
       Headbutt          |     9 |    34 |    93 |   124 ||   260
Invok: Heroism           |       |       |       |     3 ||     3
  Use: Scroll            |     4 |     1 |    10 |     2 ||    17
       Potion            |     3 |     1 |     1 |     2 ||     7
Armor: Scale mail        |    51 |    33 |       |       ||    84
       Chain mail        |       |    86 |   155 |   297 ||   538
Dodge: Dodged            |    61 |    72 |   147 |   262 ||   542
Block: Buckler           |    16 |    51 |    93 |   141 ||   301
